 Dungeon Crawl Stone Soup version 0.14.2 (webtiles) character file.

24 Amnesiac the Charlatan (level 2, 14/14 HPs)
             Began as a Spriggan Artificer on Feb 4, 2018.
             Quit the game on Level 1 of the Dungeon.
             The game lasted 00:01:03 (842 turns).

Amnesiac the Charlatan (Spriggan Artificer)          Turns: 842, Time: 00:01:03

HP  14/14        AC  2     Str  7      XL: 2   Next: 79%
MP   5/5         EV 18     Int 13      God:
Gold 0           SH  0     Dex 16      Spells:  0 memorised,  1 level left

rFire  . . .     SeeInvis +     g - +0 spear
rCold  . . .     Clarity  .     e - +0 robe
rNeg   . . .     Conserve .     (shield restricted)
rPois  .         rCorr    .     (helmet restricted)
rElec  .         rRot     .     (no cloak)
SustAb . .       Spirit   .     (gloves unavailable)
rMut   .         Warding  .     (boots unavailable)
Saprov . . .     Stasis   .     (no amulet)
MR     .....                    (no ring)
                                (no ring)

@: very quick, not resistant to hostile enchantments, fairly stealthy
A: unfitting armour, see invisible, herbivore 3, speed 3, slow metabolism 2
a: no special abilities


You were on level 1 of the Dungeon.
You were not hungry.

You visited 1 branch of the dungeon, and saw 1 of its levels.

Inventory:

Hand weapons
 a - a +0,+0 short sword
 g - a +0,+0 spear (weapon)
Armour
 e - a +0 robe (worn)
Magical devices
 b - a wand of flame (13)
 c - a wand of enslavement (15)
 d - a wand of random effects (15)
Comestibles
 h - a bread ration
Scrolls
 i - 2 scrolls of teleportation {!r, unknown}
Potions
 f - a potion of porridge {!q}


   Skills:
 - Level 1.0 Fighting
 + Level 3.0 Short Blades
 - Level 3.0 Dodging
 - Level 1.5 Stealth
 - Level 4.0 Evocations


You had one spell level left.
You didn't know any spells.

Dungeon Overview and Level Annotations

Branches:
Dungeon (1/15)

Altars:


Innate Abilities, Weirdness & Mutations

You are tiny and cannot use many weapons and most armour.
You have supernaturally acute eyesight.
You are a herbivore.
You cover ground extremely quickly.
You need consume almost no food.


Message History

Aim: a bat (severely wounded)
You reach to attack!
You barely miss the bat.
The bat is severely wounded.
The bat closely misses you. The bat misses you.
You completely miss the bat.
The bat is severely wounded.
The bat misses you.
You barely miss the bat.
The bat is severely wounded.
The bat barely misses you.
You hit the bat but do no damage.
The bat is severely wounded.
The bat misses you. The bat closely misses you.
You hit the bat.
You kill the bat!
No target in view!
No target in view!
You start resting.
You start resting.
h - a bread ration No target in view!
Found 18 bolts of frost.
No target in view!
HP restored.
i - 2 scrolls labeled FALANESU VAVVI {!r} No target in view!
A bat comes into view.
A bat is nearby!
A bat is nearby!
A bat comes into view.
There are monsters nearby!
A rat comes into view.
Attack whom?
Press: ? - help, Dir - move target cursor, f - bat
Aim: a bat (resting)
You reach to attack!
The helpless bat fails to defend itself.
You hit the bat.
You kill the bat!
The bat closely misses you.
You hit the bat but do no damage. The bat closely misses you.
You closely miss the bat. The bat closely misses you.
Attack whom?
Press: ? - help, Dir - move target cursor, f - bat
Aim: a bat You reach to attack!
You hit the bat.
The bat is severely wounded.
The bat closely misses you. x2
You completely miss the bat.
The bat is severely wounded.
The bat misses you. The rat misses you.
You closely miss the bat.
The bat is severely wounded.
The bat hits you but does no damage. The rat completely misses you.
The rat closely misses you.
You hit the bat.
You kill the bat!
Your Short Blades skill increases to level 3!
The rat misses you.
Quiver which item? (- for none, * to show all) (? for menu, Esc to quit)
You don't have any such object.
Quiver which item? (- for none, * to show all) (? for menu, Esc to quit)
Okay, then.
Are you sure you want to abandon this character and quit the game? (Confirm with "yes".)

########## #........#
#.%......#
######........# #####
####....#.@r.....#
.......................#
##### ####.(..#........#
# #....#........#
##########....##########
..............#####
....%...........(.#
..............###.#
####..........#


You could see a rat.

Vanquished Creatures
  A gnoll (D:1)
  5 bats (D:1)
  A goblin (D:1)
  A hobgoblin (D:1)
  A kobold (D:1)
  4 jackals (D:1)
13 creatures vanquished.

Notes
Turn   | Place    | Note
--------------------------------------------------------------
     0 | D:1      | Amnesiac, the Spriggan Artificer, began the quest for the Orb.
     0 | D:1      | Reached XP level 1. HP: 9/9 MP: 2/2
    15 | D:1      | Reached skill level 1 in Fighting
   229 | D:1      | Reached XP level 2. HP: 4/14 MP: 5/5
   842 | D:1      | Quit the game

Action                   || total
-------------------------++-------
Melee: Short sword       ||    51
       Spear             ||    13
Evoke: Wand              ||     2
 Stab: Sleeping          ||     1
